 Dungeon Crawl Stone Soup version 0.19.0-23-gf02e663 (webtiles) character file.

17499 Leibowitz the Thaumaturge (level 11, -2/123 HPs)
             Began as a Demigod Enchanter on Nov 19, 2016.
             Slain by Kirke (10 damage)
             ... on level 4 of the Lair of Beasts.
             The game lasted 00:45:28 (12383 turns).

Leibowitz the Thaumaturge (Demigod Enchanter)      Turns: 12383, Time: 00:45:29

Health: -2/123     AC:  0    Str: 16    XL:     11   Next: 92%
Magic:  29/29      EV: 17    Int: 25    God:
Gold:   459        SH:  3    Dex: 18    Spells: 5 memorised, 17 levels left

rFire  . . .     SeeInvis .     (weapon currently unavailable)
rCold  . . .     Gourm    .     (armour currently unavailable)
rNeg   . . .     Faith    .     (shield currently unavailable)
rPois  .         Spirit   .     (helmet currently unavailable)
rElec  .         Reflect  +     (cloak currently unavailable)
rCorr  .         Harm     .     (gloves currently unavailable)
MR     +....     Clarity  +     (boots currently unavailable)
Stlth  ..........               M - +3 amulet of reflection
                                (ring currently unavailable)
                                (ring currently unavailable)

@: berserking, pig-form, slowed, very quick
A: (iridescent scales 0), agile 1, blink, clarity, high mp 1
a: Blink


You were on level 4 of the Lair of Beasts.
You were very hungry.
You were a filthy swine.
You visited 2 branches of the dungeon, and saw 13 of its levels.

You collected 525 gold pieces.
You spent 66 gold pieces at shops.

Inventory:

Hand Weapons
 a - the +3 rapier "Effaawn" (melded) {freeze, rC++ MP+9}
   (You found it on level 8 of the Dungeon)

   It has been specially enchanted to freeze those struck by it, causing extra
   injury to most foes and up to half again as much damage against particularly
   susceptible opponents.
   It can also slow down cold-blooded creatures.
   It greatly protects you from cold.
   It affects your magic capacity (+9).
 o - a +0 scimitar of flaming
 y - a +1 dagger of speed
 O - a +4 blowgun
Missiles
 C - 18 poisoned needles
 F - 8 needles of confusion
 P - 9 curare-tipped needles
Armour
 b - a +0 pair of gloves (melded)
 i - a +2 cloak of poison resistance (melded)
 x - a +2 helmet (melded)
 L - a +1 robe of the Archmagi (melded)
Jewellery
 m - a +3 ring of intelligence (melded)
 w - a +6 ring of strength (melded)
 M - a +3 amulet of reflection (around neck)
Wands
 e - a wand of lightning (11/15)
 f - a wand of confusion (7/48)
 u - a wand of paralysis (12/24)
Scrolls
 h - 3 scrolls of recharging
 k - 4 scrolls of remove curse
 l - 2 scrolls of enchant weapon
 p - a scroll of magic mapping
 s - a scroll of identify
 v - 3 scrolls of amnesia
 A - 2 scrolls of fog
 B - a scroll of immolation
 I - 2 scrolls of enchant armour
 K - 3 scrolls of teleportation
 N - a scroll of fear
Potions
 j - 6 potions of lignification
 r - 3 potions of resistance
 t - 2 potions of agility
 z - 5 potions of curing
 G - 2 potions of might
 H - 2 potions of magic
 J - 3 potions of brilliance
Comestibles
 d - 6 bread rations
 g - 5 beef jerkies
 q - 8 fruits
 E - 4 meat rations


   Skills:
 + Level 3.3 Fighting
 + Level 6.6 Short Blades
 + Level 0.1 Throwing
 + Level 4.0 Dodging
 + Level 9.4 Stealth
 * Level 9.6 Spellcasting
 + Level 0.6 Conjurations
 * Level 9.5 Hexes
 + Level 4.3 Ice Magic


You had 17 spell levels left.
You knew the following spells:

 Your Spells              Type           Power        Failure   Level  Hunger
a - Corona                Hex            ######.      1%          1    None
b - Ensorcelled Hibernat  Hex/Ice        #####.       1%          2    None
c - Confuse               Hex            ######..     1%          3    None
d - Tukima's Dance        Hex            ######..     1%          3    None
e - Dazzling Spray        Conj/Hex       #####.       1%          3    None


Dungeon Overview and Level Annotations

Branches:
Dungeon (8/15)             Temple (0/1) D:5            Lair (5/6) D:8
 Shoals (0/4) Lair:2       Spider (0/4) Lair:3
  Slime: Lair:5-6

Shops:
D:4 ?

Annotations:
D:5 ImaNewbie's ghost, novice DsGl
Lair:1 Harold; Nergalle
Lair:4 Kirke


Innate Abilities, Weirdness & Mutations

You have an increased reservoir of magic. (+10% MP)
((You are partially covered in iridescent scales. (AC +2)))
You are agile. (Dex +2)
You can translocate small distances at will.
You possess an exceptional clarity of mind.


Message History

Kirke is heavily wounded.
Kirke hits you.
* * * LOW HITPOINT WARNING * * *
Kirke hits you!
* * * LOW HITPOINT WARNING * * *
Unknown command.
A red film seems to cover your vision as you go berserk!
You feel yourself moving faster!
You feel mighty! Kirke barely misses you.
You closely miss Kirke.
Kirke is heavily wounded.
You are feeling very hungry.
Kirke misses you.
You hit Kirke.
Kirke is heavily wounded.
Kirke hits you!
* * * LOW HITPOINT WARNING * * *
You closely miss Kirke.
Kirke is heavily wounded.
Kirke hits you!
You die...

##......#.#
#....#+.###
###....##
#....####
##........#
#..........
##........#
#.......##
###h.....##
#...@....#
#.#......#
###......##
#........#
###..##.P#
###.....##
#.>......#
#........#


You could see Kirke.

Vanquished Creatures
  4 hydras
  Erica (Lair:2)
  Urug (Lair:2)
  Sonja (Lair:2)
  Joseph (D:7)
  A siren (Lair:2)
  A spiny frog (Lair:1)
  A rime drake (Lair:2)
  2 komodo dragons (Lair:4)
  A hornet (D:7)
  A polar bear (Lair:3)
  7 blink frogs
  6 dream sheep
  2 hippogriffs
  11 yaks
  3 hogs
  A basilisk (Lair:3)
  A hungry ghost (D:8)
  A soldier ant (D:7)
  9 water moccasins
  8 porcupines
  An ice beast (D:8)
  A sky beast (D:6)
  3 orc warriors
  3 phantoms
  2 ogres
  11 wolves
  4 centaurs
  3 crocodiles
  8 bullfrogs
  A water moccasin zombie (D:5)
  3 scorpions
  A howler monkey (D:5)
  3 crimson imps
  3 hounds
  2 jellies (D:8)
  3 orc priests
  2 orc wizards
  3 centaur skeletons
  A bullfrog skeleton (D:6)
  4 iguanas
  4 hell rats (Lair:4)
  6 worker ants
  A hound zombie (D:7)
  A worker ant zombie (D:7)
  6 adders
  3 adder skeletons
  4 worms
  4 leopard geckos
  23 orcs
  A ball python (D:2)
  13 giant cockroaches
  11 hobgoblins
  3 jackals (D:5)
  6 kobolds
  7 quokkas
  3 bats
  6 frilled lizards
  7 goblins
  A leopard gecko skeleton (D:6)
  7 rats
243 creatures vanquished.

Vanquished Creatures (others)
  A bush (Lair:4)
  15 fungi
  12 plants
28 creatures vanquished.

Grand Total: 271 creatures vanquished

Notes
Turn   | Place    | Note
-------+----------+-------------------------------------------
     0 | D:1      | Leibowitz the Demigod Enchanter began the quest for the Orb.
     0 | D:1      | Reached XP level 1. HP: 14/14 MP: 5/5
   526 | D:1      | Reached skill level 1 in Short Blades
   526 | D:1      | Reached XP level 2. HP: 12/20 MP: 7/7
   530 | D:1      | Learned a level 2 spell: Ensorcelled Hibernation
  1281 | D:2      | Reached XP level 3. HP: 26/26 MP: 8/8
  1977 | D:3      | Gained mutation: You evolve. [potion of mutation]
  1977 | D:3      | Gained mutation: You possess an exceptional clarity of mind. [potion of mutation]
  1977 | D:3      | Gained mutation: You are agile. (Dex +2) [potion of mutation]
  2022 | D:3      | Learned a level 3 spell: Confuse
  2079 | D:3      | Reached XP level 4. HP: 33/33 MP: 9/9
  2128 | D:3      | Found a faded altar of an unknown god.
  2136 | D:3      | Reached skill level 1 in Ice Magic
  2743 | D:4      | Noticed an ogre
  2756 | D:4      | Killed an ogre
  2756 | D:4      | Reached XP level 5. HP: 39/39 MP: 0/12
  3119 | D:4      | Reached XP level 6. HP: 46/46 MP: 0/13
  3537 | D:4      | Gained mutation: You can translocate small distances at will. [evolution]
  3670 | D:4      | Found Mut Vuam's Magic Scroll Boutique.
  3680 | D:4      | Bought a scroll of identify for 22 gold pieces
  3680 | D:4      | Bought a scroll of identify for 22 gold pieces
  3680 | D:4      | Bought a scroll of identify for 22 gold pieces
  3916 | D:5      | Entered Level 5 of the Dungeon
  3941 | D:5      | Noticed ImaNewbie's ghost (novice DsGl)
  4319 | D:5      | Found a staircase to the Ecumenical Temple.
  4446 | D:6      | Gained mutation: You rapidly evolve. [evolution]
  4446 | D:6      | Lost mutation: You rapidly evolve. [end of evolution]
  4600 | D:6      | Reached XP level 7. HP: 51/51 MP: 15/15
  4618 | D:6      | Reached skill level 1 in Fighting
  4818 | D:6      | Reached skill level 5 in Stealth
  5375 | D:7      | Reached XP level 8. HP: 15/59 MP: 3/17
  5621 | D:7      | Noticed Joseph
  5623 | D:7      | Noticed a hornet
  5743 | D:6      | Gained mutation: You are partially covered in iridescent scales. (AC +2) [evolution]
  5743 | D:6      | Lost mutation: You evolve. [end of evolution]
  5859 | D:7      | Reached skill level 5 in Hexes
  5971 | D:7      | Paralysed by a hornet for 2 turns
  5975 | D:7      | Killed a hornet
  5975 | D:7      | Reached skill level 5 in Spellcasting
  6180 | D:7      | Killed Joseph
  6180 | D:7      | Reached XP level 9. HP: 42/67 MP: 17/21
  7177 | D:8      | Got a crystal rapier
  7178 | D:8      | Identified the cursed +3 rapier "Effaawn" {freeze, rC++ MP+9} (You found it on level 8 of the Dungeon)
  7218 | D:8      | Found a staircase to the Lair.
  7228 | D:8      | Found a shadowy altar of Dithmenos.
  7836 | Lair:1   | Entered Level 1 of the Lair of Beasts
  7836 | Lair:1   | Noticed a spiny frog
  7847 | Lair:1   | Killed a spiny frog
  7971 | Lair:1   | Noticed Harold
  8064 | Lair:1   | Noticed a five-headed hydra
  8074 | Lair:1   | Killed a five-headed hydra
  8074 | Lair:1   | Reached skill level 5 in Short Blades
  8074 | Lair:1   | Reached XP level 10. HP: 44/74 MP: 24/24
  8081 | Lair:1   | Noticed Nergalle
  8234 | Lair:2   | Noticed Erica
  8243 | Lair:2   | Killed Erica
  8336 | Lair:2   | Found a staircase to the Shoals.
  8336 | Lair:2   | Noticed a siren
  8361 | Lair:2   | Killed a siren
  8913 | Lair:2   | Noticed Sonja
  8915 | Lair:2   | Noticed Urug
  8920 | Lair:2   | Killed Sonja
  8964 | Lair:2   | Killed Urug
  9301 | Lair:2   | Learned a level 3 spell: Tukima's Dance
  9305 | Lair:2   | Learned a level 3 spell: Dazzling Spray
  9865 | Lair:2   | Reached XP level 11. HP: 69/81 MP: 27/27
 10249 | Lair:3   | Noticed an eight-headed hydra
 10280 | Lair:3   | Killed an eight-headed hydra
 10861 | Lair:3   | Found a hole to the Spider Nest.
 11441 | Lair:4   | Noticed a four-headed hydra
 11457 | Lair:4   | Killed a four-headed hydra
 11699 | Lair:4   | Noticed Kirke
 11702 | Lair:4   | Noticed a lindwurm
 11755 | Lair:4   | Noticed an eight-headed hydra
 11777 | Lair:4   | Killed an eight-headed hydra
 12054 | Lair:4   | Noticed a death yak
 12054 | Lair:4   | Noticed a death yak
 12055 | Lair:4   | Noticed a death yak
 12057 | Lair:4   | Noticed a death yak
 12383 | Lair:4   | Slain by Kirke

Skill      XL: |  1  2  3  4  5  6  7  8  9 10 11 |
---------------+----------------------------------+-----
Stealth        | 3 4 5 6 7 8 9 |  9.4
Short Blades   | 1 2 3 4 5 6 |  6.6
Dodging        | 2 3 4 |  4.0
Hexes          | 3 4 5 7 8 9 |  9.5
Spellcasting   | 2 3 4 5 7 8 9 |  9.6
Ice Magic      | 1 2 3 4 |  4.3
Fighting       | 1 2 3 |  3.3
Throwing       | |  0.1
Conjurations   | |  0.6

Action                   |  1- 3 |  4- 6 |  7- 9 | 10-12 || total
-------------------------+-------+-------+-------+-------++-------
Melee: Dagger            |   145 |   174 |   272 |     7 ||   598
       Rapier            |       |       |    40 |   188 ||   228
       Unarmed           |       |       |       |    11 ||    11
 Fire: Blowgun           |       |       |       |    10 ||    10
Throw: Throwing net      |       |       |       |     1 ||     1
 Cast: Ensorcelled Hiber |    16 |    16 |    45 |    60 ||   137
       Confuse           |       |    18 |    28 |    27 ||    73
       Dazzling Spray    |       |       |       |    23 ||    23
  Use: Scroll            |    11 |     8 |     4 |     2 ||    25
       Potion            |     2 |       |     3 |     1 ||     6
 Stab: Sleeping          |    23 |    16 |    37 |    45 ||   121
       Confused          |       |     5 |    25 |    16 ||    46
       Distracted        |       |     1 |       |       ||     1
       Invisible         |       |       |       |     1 ||     1
       Held in net/web   |       |       |       |     1 ||     1
  Eat: Chunk             |     5 |    10 |    10 |    13 ||    38
       Fruit             |       |       |     1 |       ||     1
Armor: Robe              |    33 |    38 |    60 |    56 ||   187
Dodge: Dodged            |    68 |   101 |   116 |   109 ||   394
Block: Other             |       |       |       |    17 ||    17
